[Event "Team 45 45 League T46"]
[Site "Internet Chess Club"]
[Date "2010.09.04"]
[Round "5"]
[White "Oscar"]
[Black "kingsrook"]
[Result "1/2-1/2"]
[WhiteElo "1532"]
[BlackElo "1233"]
[Opening "Caro-Kann: advance variation"]
[ECO "B12"]
[Time "11:30:27"]
[TimeControl "2700+45"]

1. e4 c6 2. d4 d5 3. e5 c5 4. c3 Nc6 5. Nf3 Bg4 6. Be2 e6 7. O-O Qb6 8. Na3 a6
9. Nc2 g6 10. Rb1 Bg7 11. Be3 cxd4 12. cxd4 Nge7 13. Qd2 Nf5 14. Rfd1 O-O 15. h3
Bxf3 16. Bxf3 Nxe3 17. Qxe3 Rac8 18. Rd2 Rc7 19. b4 Rfc8 20. Be2 Ne7 21. Na3 Nf5
22. Qf4 Bh6 23. Qg4 Bxd2 24. Rb2 Qxd4 25. Qxd4 Nxd4 26. Rxd2 Nxe2+ 27. Rxe2 d4
28. Kf1 Rc1+ 29. Re1 Rxe1+ 30. Kxe1 Rc1+ 31. Kd2 Ra1 32. Kd3 Rxa2 33. Nc2 Kf8
34. g3 Ke7 35. f3 f6 36. exf6+ Kxf6 37. Nxd4 Rh2 38. h4 h5 39. Ne2 b5 40. Nc3
Rb2 41. Ne4+ Ke5 42. Kc3 Rg2 43. Kd3 Kf5 44. Kd4 e5+ 45. Kc5 Rc2+ 46. Kd5 Rc1
47. Nd6+ Kf6 48. Ne4+ Kf5 49. Nd6+ {Game drawn by mutual agreement} 1/2-1/2

[Event "Team 45 45 League T46"]
[Site "Internet Chess Club"]
[Date "2010.09.05"]
[Round "5"]
[White "Giacometti"]
[Black "check-man"]
[Result "0-1"]
[WhiteElo "1685"]
[BlackElo "1680"]
[Opening "Bird's opening"]
[ECO "A03"]
[Time "10:00:05"]
[TimeControl "2700+45"]

1. f4 d5 2. Nf3 g6 3. e3 Bg7 4. d3 Nf6 5. Be2 O-O 6. O-O c5 7. Nc3 Nc6 8. e4 d4
9. Na4 b6 10. b3 Ng4 11. Nb2 Ne3 12. Bxe3 dxe3 13. Rb1 Nb4 14. Nc4 Nxa2 15. Qe1
Nc3 16. Rc1 Bd4 17. Kh1 b5 18. Nce5 f6 19. Nc6 Qd6 20. Ncxd4 cxd4 21. e5 Qc5 22.
h4 Bf5 23. h5 gxh5 24. Nh4 fxe5 25. Nxf5 Rxf5 26. Bf3 Raf8 27. Qg3+ Kh8 28. Qh4
Rxf4 29. Qxh5 Qd6 30. Ra1 R8f5 31. Qh3 Qf6 32. Kg1 Rh4 33. Qg3 {White resigns}
0-1

[Event "Team 45 45 League T46"]
[Site "Internet Chess Club"]
[Date "2010.09.01"]
[Round "5"]
[White "mmf00"]
[Black "badmove"]
[Result "0-1"]
[WhiteElo "1545"]
[BlackElo "1711"]
[Opening "KGD: classical, Svenonius variation"]
[ECO "C28"]
[Time "17:00:36"]
[TimeControl "2700+45"]

1. e4 e5 2. Nc3 Nc6 3. Bc4 Nf6 4. d3 Bc5 5. f4 d6 6. Nf3 Bg4 7. h3 Bxf3 8. Qxf3
exf4 9. Bxf4 Nd4 10. Qd1 c6 11. Qd2 d5 12. exd5 O-O 13. O-O-O cxd5 14. Bb3 Nxb3+
15. axb3 Bb4 16. Qf2 Qa5 17. Nb1 Rac8 18. Be5 Rc6 19. c3 Rfc8 20. Rd2 Qa2 21. g4
Qxb3 22. Rc2 Bd6 23. Bxf6 gxf6 24. Qxf6 Bf8 25. Qf2 Bh6+ 26. Nd2 Qa2 27. Kd1
Qa1+ 28. Rc1 Qxb2 29. Rc2 Qa1+ 30. Rc1 Qa4+ 31. Ke1 Rxc3 32. Rxc3 Rxc3 33. Rf1
Qe8+ 34. Kd1 Rxd3 35. g5 Bg7 36. Qf5 Re3 37. Qc2 Rxh3 38. Qf5 Qe6 39. Qf4 Qe8
40. Qf5 Re3 41. Qc2 Qc6 42. Qa2 Qc3 43. Qxa7 Qa1+ 44. Qxa1 Bxa1 45. Rf5 Re5 46.
Rf3 Rxg5 47. Rb3 d4 48. Rxb7 Bc3 49. Rd7 h5 50. Ne4 Rg2 51. Nf6+ Kg7 52. Nxh5+
Kf8 53. Nf4 Rg4 54. Ne2 Re4 55. Nxc3 dxc3 56. Rc7 Re3 57. Kc2 Kg7 58. Rxc3 Rxc3+
59. Kxc3 Kg6 60. Kc4 Kf5 61. Kd5 Kf4 62. Kd4 f5 63. Kd3 Kf3 64. Kd2 Kf2 65. Kd1
f4 66. Kd2 f3 67. Kd1 Kg1 68. Kd2 f2 69. Kd3 f1=Q+ 70. Kd4 Qe2 71. Kd5 Qe3 72.
Kd6 Qe4 73. Kd7 Qe5 74. Kd8 Qe6 75. Kc7 Kf2 76. Kd8 Kf3 77. Kc7 Kf4 78. Kd8 Ke5
79. Kc7 Qd6+ 80. Kc8 Ke6 81. Kb7 Kd5 82. Kc8 Qe7 83. Kb8 Kc6 84. Ka8 Qb7# {White
checkmated} 0-1

[Event "Team 45 45 League T46"]
[Site "Internet Chess Club"]
[Date "2010.09.05"]
[Round "5"]
[White "medsurg"]
[Black "Zappy"]
[Result "1-0"]
[WhiteElo "1297"]
[BlackElo "1087"]
[Opening "English: symmetrical variation"]
[ECO "A33"]
[Time "19:00:24"]
[TimeControl "2700+45"]

1. d4 Nf6 2. c4 e6 3. Nf3 c5 4. Nc3 cxd4 5. Nxd4 Nc6 6. Bg5 h6 7. Bh4 Be7 8. Bg3
O-O 9. e3 d5 10. Be2 Nxd4 11. Qxd4 dxc4 12. Qxc4 b6 13. Rd1 Bd7 14. O-O Qc8 15.
Qd3 Bc6 16. Nb5 Bxb5 17. Qxb5 Bc5 18. Bf3 Rb8 19. Bxb8 Qxb8 20. b4 Be7 {Black
resigns} 1-0

[Event "Team 45 45 League T46"]
[Site "Internet Chess Club"]
[Date "2010.09.06"]
[Round "5"]
[White "Terte"]
[Black "theophilus"]
[Result "0-1"]
[WhiteElo "2027"]
[BlackElo "2246"]
[Opening "French: Winawer, advance, poisoned pawn variation"]
[ECO "C18"]
[Time "13:02:09"]
[TimeControl "2700+45"]

1. e4 e6 2. d4 d5 3. Nc3 Bb4 4. e5 c5 5. a3 Bxc3+ 6. bxc3 Ne7 7. Qg4 cxd4 8.
cxd4 Qc7 9. Ra2 Nf5 10. Nf3 Nc6 11. Bd3 h5 12. Qf4 Ncxd4 13. Nxd4 Qc3+ 14. Bd2
Qxd4 15. Bxf5 Qxf4 16. Bxf4 exf5 17. O-O b6 18. Rd1 Ba6 19. c3 Rc8 20. Rad2 Bc4
21. Be3 h4 22. h3 Ke7 23. Bg5+ Ke6 24. Rd4 Rc5 25. Bxh4 Rb5 26. Bg5 Rb3 27. Ra1
Rxc3 28. Bd2 Rc2 29. f4 g5 30. Rc1 Ra2 31. fxg5 Rxa3 32. Bb4 Rg3 33. h4 Kxe5 34.
Kh2 Kxd4 35. Kxg3 f4+ 36. Kh3 Ke3 37. Rc3+ Ke4 38. Bd6 Rd8 39. Bc7 Rd7 40. Bb8
b5 41. Rf3 b4 42. Rxf4+ Kd3 43. h5 b3 44. Be5 d4 45. h6 b2 46. Rf1 Kc3 47. h7
Bxf1 48. h8=Q b1=Q 49. Qc8+ Bc4 50. Kh2 Qh7+ 51. Kg1 Qf5 52. Qe8 a5 53. Qb8 a4
54. Bd6 Rxd6 55. Qxd6 Qxg5 56. Qa3+ Bb3 57. Qa1+ Kc4 58. Qf1+ d3 59. Qxf7+ Kc3
60. Qf1 d2 61. Qa1+ Kc2 {White resigns} 0-1

[Event "Team 45 45 League T46"]
[Site "Internet Chess Club"]
[Date "2010.09.07"]
[Round "5"]
[White "chess92192"]
[Black "BadHabitMarco"]
[Result "0-1"]
[WhiteElo "2054"]
[BlackElo "2009"]
[Opening "Budapest: Adler variation"]
[ECO "A52"]
[Time "21:00:30"]
[TimeControl "2700+45"]

1. d4 Nf6 2. c4 e5 3. dxe5 Ng4 4. Nf3 Bc5 5. e3 Nc6 6. a3 Ngxe5 7. Nxe5 Nxe5 8.
Qd5 d6 9. b4 c6 10. Qd2 Bb6 11. Bb2 O-O 12. Be2 Bf5 13. O-O Qe7 14. Qc3 f6 15.
Nd2 Kh8 16. Rac1 Rad8 17. Nf3 Nxf3+ 18. Bxf3 Be4 19. Bxe4 Qxe4 20. Rfd1 d5 21.
cxd5 Rxd5 22. Rxd5 Qxd5 23. Kf1 Rd8 24. a4 Bc7 25. f4 Qe4 26. Re1 Rd3 27. Qc5
Bd6 28. Qxa7 h6 29. Bd4 Rd2 30. Re2 Qd3 {White resigns} 0-1

[Event "Team 45 45 League T46"]
[Site "Internet Chess Club"]
[Date "2010.09.05"]
[Round "5"]
[White "poni"]
[Black "hewdondada"]
[Result "1-0"]
[WhiteElo "1949"]
[BlackElo "1842"]
[Opening "Réti opening"]
[ECO "A05"]
[Time "06:10:26"]
[TimeControl "2700+45"]

1. Nf3 Nf6 2. g3 b6 3. Bg2 Bb7 4. O-O e6 5. d3 d5 6. Nbd2 Be7 7. Qe1 Nbd7 8. e4
dxe4 9. dxe4 e5 10. Qe2 O-O 11. Rd1 Qc8 12. b3 Ba6 13. Nc4 c5 14. Bb2 Bxc4 15.
Qxc4 Qc7 16. Rd2 Rad8 17. Rad1 h6 18. Nh4 Nb8 19. Ng6 Rxd2 20. Rxd2 Rd8 21.
Rxd8+ Qxd8 22. Nxe5 Qe8 23. a4 Bd6 24. f4 Bxe5 25. Bxe5 Ng4 26. Bb2 Qd7 27. Bf3
Nc6 28. Qd5 Qc8 29. e5 Nb4 30. Qd2 h5 31. Qc3 Na2 32. Qd2 Qf5 33. Qd8+ Kh7 34.
Qa8 Qd7 35. Be4+ g6 36. Bd3 Qe7 37. e6 Nf6 38. Bxf6 Qxf6 39. exf7 Qxf7 40. Bc4
Qg7 41. Qe8 Nc3 42. f5 Kh6 43. Qxg6+ Qxg6 44. fxg6 Kxg6 45. Kf2 Kg5 46. h3 h4
47. gxh4+ Kxh4 48. Be6 Kg5 49. Ke3 Kf6 50. Bc4 Nd1+ 51. Kf4 Nf2 52. h4 Nd1 53.
h5 Nf2 54. Bd3 Nh3+ 55. Ke4 Ke6 56. Bc4+ Kd6 57. Kf5 Ke7 58. h6 Kf8 59. Kf6 Nf4
60. Bf7 {Black resigns} 1-0

[Event "Team 45 45 League T46"]
[Site "Internet Chess Club"]
[Date "2010.09.03"]
[Round "5"]
[White "RD1974"]
[Black "koni"]
[Result "0-1"]
[WhiteElo "1841"]
[BlackElo "1844"]
[Opening "Pirc: 150 attack"]
[ECO "B07"]
[Time "12:01:53"]
[TimeControl "2700+45"]

1. e4 d6 2. d4 Nf6 3. Nc3 g6 4. Be3 c6 5. Qd2 b5 6. Bh6 Bxh6 7. Qxh6 b4 8. Na4
Qa5 9. b3 Nxe4 10. Qe3 Nf6 11. Nf3 Na6 12. Bc4 Nc7 13. O-O Be6 14. Rfe1 O-O 15.
Nd2 Ncd5 16. Qg5 Qc7 17. Nf3 Kg7 18. Bd3 Qd7 19. Nh4 h6 20. Qd2 Rab8 21. Nf3
Rfe8 22. Re2 Nh5 23. Re4 Bf5 24. Rh4 Bg4 25. Be4 Ndf6 26. Qe3 Nxe4 27. Qxe4 f5
28. Qe3 f4 29. Qe4 g5 30. Rxg4 Qxg4 31. Qxc6 Nf6 32. Qc4 Qf5 33. Qe2 Rbc8 34.
Rc1 Qe4 35. Qd2 Nd5 36. c4 bxc3 37. Nxc3 Nxc3 38. Rxc3 Qb1+ 39. Ne1 Rxc3 40.
Qxc3 Rc8 41. Qa5 Rc1 42. Kf1 Qd3+ 43. Kg1 Qe2 {White resigns} 0-1

[Event "Team 45 45 League T46"]
[Site "Internet Chess Club"]
[Date "2010.09.02"]
[Round "5"]
[White "eurander"]
[Black "Monsoon-Smith"]
[Result "1/2-1/2"]
[WhiteElo "2165"]
[BlackElo "2125"]
[Opening "Sicilian: Alapin's variation (2.c3)"]
[ECO "B22"]
[Time "16:01:25"]
[TimeControl "2700+45"]

1. e4 c5 2. c3 d5 3. exd5 Qxd5 4. d4 Nc6 5. Nf3 Bg4 6. Be2 e6 7. Be3 cxd4 8.
cxd4 Nf6 9. Nc3 Qd6 10. h3 Bh5 11. a3 Be7 12. O-O O-O 13. Qb3 a6 14. Rfd1 Rfd8
15. Rd2 b5 16. d5 Na5 17. Qa2 e5 18. b4 Nb7 19. Ng5 Bg6 20. Bd3 Nxd5 21. Nxd5
Qxd5 22. Bxg6 Qxa2 23. Bxh7+ Kh8 24. Rxd8+ Rxd8 25. Rxa2 Bxg5 26. Be4 Rd1+ 27.
Kh2 Bxe3 28. Bxb7 Rd2 29. Rxd2 Bxd2 30. Bxa6 Bc1 31. Bxb5 Bxa3 32. Bc4 Bxb4 33.
Bxf7 g5 34. Kg3 Kg7 35. Bd5 Kf6 36. Kg4 Bd2 37. Kf3 Bc1 38. Ke4 Bd2 39. g3 Be1
40. Kf3 Bd2 41. Be4 Bc1 42. Ke2 Bb2 43. h4 gxh4 44. gxh4 Bc1 45. Kd3 Bf4 46. Kc4
Bc1 47. Kd5 Bd2 48. f3 Be1 49. h5 Bd2 50. Kd6 Bf4 51. Kd7 Kg5 52. Bg6 Kh6 53.
Ke6 Bh2 54. Kf5 {Game drawn by mutual agreement} 1/2-1/2

[Event "Team 45 45 League T46"]
[Site "Internet Chess Club"]
[Date "2010.09.04"]
[Round "5"]
[White "Uragon-bocho"]
[Black "pestka"]
[Result "0-1"]
[WhiteElo "2012"]
[BlackElo "2254"]
[Opening "Philidor: Improved Hanham variation"]
[ECO "C41"]
[Time "16:03:24"]
[TimeControl "2700+45"]

1. e4 e5 2. Nf3 d6 3. d4 Nf6 4. Nc3 Nbd7 5. Bc4 Be7 6. Bxf7+ Kxf7 7. Ng5+ Kg8 8.
Ne6 Qe8 9. Nxc7 Qg6 10. Nxa8 Qxg2 11. Rf1 exd4 12. Qxd4 Ne5 13. f4 Nfg4 14. fxe5
Bh4+ 15. Kd1 Qxf1+ {White resigns} 0-1

[Event "Team 45 45 League T46"]
[Site "Internet Chess Club"]
[Date "2010.09.06"]
[Round "5"]
[White "azbycx"]
[Black "Ivio"]
[Result "1/2-1/2"]
[WhiteElo "1882"]
[BlackElo "1839"]
[Opening "Queen's pawn game, Darooha variation "]
[ECO "D02"]
[Time "08:01:24"]
[TimeControl "2700+45"]

1. d4 d5 2. Nf3 Nf6 3. g3 Bf5 4. Bg2 h6 5. O-O e6 6. c4 Nbd7 7. Nc3 c6 8. b3 Bb4
9. Bb2 Qe7 10. Nd2 O-O 11. a3 Ba5 12. b4 Bc7 13. e4 dxe4 14. Ndxe4 Nxe4 15. Nxe4
Rfd8 16. Re1 Ne5 17. Qb3 Nd7 18. d5 Bxe4 19. Bxe4 Nf6 20. dxe6 fxe6 21. Bf5 e5
22. Qe3 Nd7 23. Bxd7 Qxd7 24. Bxe5 Re8 25. Qc3 Bxe5 26. Rxe5 Qf7 27. Rae1 Rxe5
28. Rxe5 Rd8 29. c5 Rf8 30. Qe3 Rd8 31. Re7 Rd1+ 32. Kg2 Qd5+ 33. Qe4 Qxe4+ 34.
Rxe4 Kf7 35. h4 Rd3 36. Re3 Rd2 37. g4 Rc2 38. Rd3 Ke7 39. h5 a5 40. Kg3 axb4
41. axb4 Rc4 42. Rb3 Kf6 43. f4 Kf7 44. g5 Ke6 45. Kg4 hxg5 46. Kxg5 Kf7 47. f5
Rc1 48. Rh3 Rg1+ 49. Kf4 Rb1 50. h6 Rxb4+ 51. Ke5 gxh6 52. Rxh6 Rb1 53. Rh7+ Kg8
54. Rxb7 Rxb7 55. Kd6 Rf7 56. Kxc6 Rxf5 57. Kb6 Rf1 58. c6 Kf8 59. c7 Rb1+ 60.
Kc6 {Game drawn by mutual agreement} 1/2-1/2

[Event "Team 45 45 League T46"]
[Site "Internet Chess Club"]
[Date "2010.09.04"]
[Round "5"]
[White "BrandonBee"]
[Black "Gilguli"]
[Result "0-1"]
[WhiteElo "1528"]
[BlackElo "1446"]
[Opening "Latvian: Fraser defense"]
[ECO "C40"]
[Time "08:02:35"]
[TimeControl "2700+45"]

1. e4 e5 2. Nf3 f5 3. Nxe5 Nc6 4. Qh5+ g6 5. Nxg6 Nf6 6. Qe2 hxg6 7. exf5+ Qe7
8. Qxe7+ Bxe7 9. fxg6 Nd4 10. Bd3 d6 11. c3 Bf5 12. Bxf5 Nxf5 13. d3 O-O-O 14.
Be3 Nh4 15. g7 Rh7 16. g3 Ng2+ 17. Ke2 Nxe3 18. fxe3 Rxg7 19. Nd2 Rf8 20. Raf1
Rgf7 21. Rf4 d5 22. Rhf1 Bd6 23. Rf5 Kd7 24. e4 Ke6 25. exd5+ Nxd5 26. Rxf7 Rxf7
27. Rxf7 Kxf7 28. Ne4 Be7 29. Kf3 Kg6 30. a3 Nf6 31. b4 Nxe4 32. Kxe4 Kg5 33.
Kf3 Bf6 34. c4 Bb2 35. a4 Bc3 36. b5 Be5 37. Ke4 Bd6 38. Kf3 Kf5 39. d4 b6 40.
h4 Be7 41. g4+ Kg6 42. h5+ Kg5 43. Ke4 Kxg4 44. h6 Bf6 45. c5 Kg5 46. h7 Kg6 47.
c6 Kxh7 48. Kd5 Be7 49. Ke6 Bd6 50. Kd7 Kg6 51. Kc8 Kf5 52. Kb7 Ke4 53. Kxa7
Kxd4 54. Ka6 Bb4 55. Kb7 Bd6 56. Ka6 Bc5 57. Kb7 Bd6 58. Ka6 Kc4 59. a5 bxa5 60.
Kxa5 Bb4+ 61. Ka6 Bc5 62. Ka5 Bb6+ 63. Ka6 Kb4 64. Kb7 Kxb5 {White resigns} 0-1

[Event "Team 45 45 League T46"]
[Site "Internet Chess Club"]
[Date "2010.09.04"]
[Round "5"]
[White "gmlevanzov"]
[Black "Helaman"]
[Result "1-0"]
[WhiteElo "1530"]
[BlackElo "1452"]
[Opening "Ruy Lopez: Taimanov (chase/wing/accelerated counterthrust) variation"]
[ECO "C70"]
[Time "18:01:24"]
[TimeControl "2700+45"]

1. e4 e5 2. Nf3 Nc6 3. Bb5 a6 4. Ba4 b5 5. Bb3 Na5 6. O-O d6 7. c3 Nxb3 8. axb3
Nf6 9. Re1 Bb7 10. d3 Be7 11. Bg5 O-O 12. Nbd2 h6 13. Bxf6 Bxf6 14. Nf1 Re8 15.
Ng3 g6 16. d4 c5 17. d5 Bc8 18. Qd2 Bg5 19. Nxg5 Qxg5 20. Qxg5 hxg5 21. Re3 g4
22. Nf1 f5 23. exf5 gxf5 24. g3 Bd7 25. Rae1 f4 26. gxf4 exf4 27. Re7 Rxe7 28.
Rxe7 Rd8 29. Kg2 Kf8 30. Re1 Kg7 31. f3 Kf6 32. Nd2 Kf5 33. fxg4+ Kxg4 34. Ne4
Bf5 35. Nf2+ Kh4 36. Re7 Rg8+ 37. Kf3 Bg4+ 38. Nxg4 Rxg4 39. Rh7+ Kg5 40. Rg7+
{Black resigns} 1-0

[Event "Team 45 45 League T46"]
[Site "Internet Chess Club"]
[Date "2010.09.05"]
[Round "5"]
[White "blizzard13"]
[Black "eyalki"]
[Result "0-1"]
[WhiteElo "1336"]
[BlackElo "1286"]
[Opening "Bishop's opening: Ponziani gambit"]
[ECO "C24"]
[Time "14:00:23"]
[TimeControl "2700+45"]

1. e4 e5 2. Bc4 Nf6 3. d4 Bd6 4. Nc3 O-O 5. Nf3 Nc6 6. O-O Na5 7. Bd3 exd4 8.
Nxd4 Be5 9. Nce2 d6 10. c3 Ng4 11. g3 c5 12. Nf3 Be6 13. Nxe5 Nxe5 14. Nf4 Bg4
15. f3 Bd7 16. Nd5 Be6 17. f4 Nxd3 18. Qxd3 c4 19. Qd4 b5 20. f5 Nc6 21. Qe3
Bxd5 22. exd5 Ne5 23. Bd2 Ng4 24. Qf3 Nf6 25. Rae1 Qd7 26. g4 Rae8 27. g5 Nxd5
28. Qxd5 Rxe1 29. Rxe1 Qd8 30. h4 Qb6+ 31. Be3 Qa5 32. a3 Qa4 33. Re2 Qa6 34.
Bd4 Qc8 35. Re7 g6 36. Rxa7 Qxf5 37. Qxf5 gxf5 38. Re7 h6 39. Kg2 hxg5 40. hxg5
Kh7 41. Kf3 Kg6 42. Be3 f6 43. Rd7 fxg5 44. Rxd6+ Kh5 45. Rd5 f4 46. Bd4 Kh4 47.
Rxb5 g4+ 48. Ke4 f3 49. Bf2+ g3 50. Bxg3+ Kxg3 51. Rg5+ Kf2 52. a4 Ke2 53. Rg1
f2 54. Ra1 f1=Q 55. Rxf1 Kxf1 56. Kd4 Rc8 57. a5 Ke2 58. a6 Ra8 59. Kxc4 Rxa6
60. Kb5 Ra2 61. b4 Kd3 62. c4 Rb2 63. c5 Kc3 64. c6 Rxb4+ 65. Kc5 Rc4+ 66. Kd6
Rd4+ 67. Kc7 Kc4 68. Kc8 Kc5 69. c7 Rg4 70. Kb8 Rb4+ 71. Kc8 Kc6 72. Kd8 Rd4+
73. Kc8 Rd7 74. Kb8 Rxc7 75. Ka8 Rh7 76. Kb8 Kd6 77. Kc8 Kc6 78. Kd8 Kd6 79. Kc8
Rg7 80. Kd8 Rg8# {White checkmated} 0-1

[Event "Team 45 45 League T46"]
[Site "Internet Chess Club"]
[Date "2010.09.04"]
[Round "5"]
[White "cosen"]
[Black "JWB"]
[Result "1-0"]
[WhiteElo "1655"]
[BlackElo "1700"]
[Opening "French defense, Steiner variation"]
[ECO "C00"]
[Time "14:00:30"]
[TimeControl "2700+45"]

1. e4 e6 2. c4 d5 3. exd5 exd5 4. cxd5 Nf6 5. d4 Nxd5 6. Nc3 Be7 7. Nf3 O-O 8.
Bd3 Nc6 9. h3 Be6 10. O-O Nf6 11. a3 h6 12. Ne2 Bd5 13. Ne5 Bd6 14. f4 Re8 15.
Be3 a6 16. Nc3 Qe7 17. Qd2 Nb8 18. Rae1 Nbd7 19. Qf2 Bb3 20. Bd2 Qf8 21. Qf3
Rab8 22. Kh2 Nb6 23. g4 Bxe5 24. fxe5 Nfd5 25. Be4 Nxc3 26. bxc3 Nc4 27. Bc1 c6
28. g5 hxg5 29. Qh5 g6 30. Bxg6 Qg7 31. Bxf7+ {Black resigns} 1-0

[Event "Team 45 45 League T46"]
[Site "Internet Chess Club"]
[Date "2010.09.06"]
[Round "5"]
[White "ticopatzer"]
[Black "rayngrant"]
[Result "0-1"]
[WhiteElo "1542"]
[BlackElo "1578"]
[Opening "French: King's Indian attack"]
[ECO "C00"]
[Time "14:08:25"]
[TimeControl "2700+45"]

1. e4 e6 2. d3 d5 3. Nd2 c5 4. g3 Nc6 5. Bg2 Nge7 6. Ngf3 Ng6 7. O-O Be7 8. Re1
dxe4 9. Nxe4 e5 10. b3 O-O 11. Bb2 f6 12. Qe2 Nd4 13. Nxd4 cxd4 14. c3 dxc3 15.
Nxc3 Bb4 16. Bd5+ Kh8 17. Qe4 Rb8 18. Qxb4 Bf5 19. Be4 Bxe4 20. dxe4 Qd2 21. Re2
Qg5 22. Nd5 Nh4 23. Kh1 Nf3 24. Qc3 Qh5 25. h4 Nxh4 26. gxh4 Qxe2 27. Ba3 Qxe4+
28. Kg1 Rfc8 29. Nc7 Qxh4 30. Bd6 Qg4+ 31. Kf1 Qd7 32. Rd1 Qg4 33. Rd5 Qe4 34.
Ra5 Qh1+ 35. Ke2 Qe4+ 36. Kf1 Qb1+ 37. Kg2 Qd1 38. Bb4 Qd7 39. Rc5 b6 40. Rc4
Rb7 41. Na6 Qd5+ 42. Kf1 Rxc4 43. bxc4 Qh1+ 44. Ke2 Qh5+ 45. Kf1 Rd7 46. Qa3
Qh1+ 47. Ke2 Qd1+ 48. Ke3 Qd4+ 49. Kf3 e4+ 50. Kg2 Qxc4 51. Qa4 Rd8 52. Qa3 Qe6
53. Nc7 Qg4+ 54. Kf1 Rd3 55. Qxa7 Rd1+ 56. Be1 Qh3+ 57. Ke2 Qd3# {White
checkmated} 0-1

[Event "Team 45 45 League T46"]
[Site "Internet Chess Club"]
[Date "2010.09.03"]
[Round "5"]
[White "FractalDante"]
[Black "Rapidcitychess"]
[Result "1/2-1/2"]
[WhiteElo "1452"]
[BlackElo "1555"]
[Opening "Sicilian: Sveshnikov variation"]
[ECO "B33"]
[Time "12:00:42"]
[TimeControl "2700+45"]

1. e4 c5 2. Nf3 Nc6 3. d4 cxd4 4. Nxd4 Nf6 5. Nc3 e5 6. Ndb5 d6 7. Bg5 a6 8. Na3
b5 9. Bxf6 gxf6 10. Nd5 f5 11. c3 Be6 12. exf5 Bxf5 13. Qf3 Be6 14. Nf6+ Ke7 15.
Nd5+ Bxd5 16. Qxd5 Rc8 17. g3 Bg7 18. Bh3 Rc7 19. O-O Re8 20. Nc2 Kf8 21. Rad1
Ke7 22. Ne3 Kf8 23. Nf5 Ne7 24. Qxd6 Qxd6 25. Rxd6 Nxf5 26. Bxf5 Ra8 27. Bxh7
Rc5 28. Be4 Ra7 29. Rd8+ Ke7 30. Rfd1 Rcc7 31. Ra8 Rxa8 32. Bxa8 Rd7 33. Rxd7+
Kxd7 34. Be4 Kd6 35. b3 Ke6 36. g4 Bh6 37. c4 bxc4 38. bxc4 Kd6 39. h4 f6 40. f3
Kc5 41. Kf2 Kxc4 42. Ke2 Kc3 43. a4 Bf4 44. h5 Bg5 45. Kf2 Kd4 46. Kg3 Kc3 {Game
drawn by mutual agreement} 1/2-1/2

[Event "Team 45 45 League T46"]
[Site "Internet Chess Club"]
[Date "2010.09.06"]
[Round "5"]
[White "SlimeDog2"]
[Black "Gregorio"]
[Result "1-0"]
[WhiteElo "2145"]
[BlackElo "1990"]
[Opening "Nimzo-Indian: classical, Noa variation, 5.cd ed"]
[ECO "E35"]
[Time "21:00:45"]
[TimeControl "2700+45"]

1. d4 Nf6 2. c4 e6 3. Nc3 Bb4 4. Qc2 d5 5. cxd5 exd5 6. Bg5 c6 7. e3 h6 8. Bh4
Nbd7 9. Bd3 O-O 10. Ne2 Re8 11. O-O Bd6 12. Bg3 Nf8 13. Rab1 a5 14. Bxd6 Qxd6
15. Na4 Ng4 16. g3 h5 17. Nf4 g5 18. Ng2 h4 19. Qc5 Qh6 20. gxh4 Ne6 21. Qd6
gxh4 22. Nb6 Ra7 23. Qb8 h3 24. Ne1 Nxd4 25. Nxc8 Qg5 26. Kh1 {Black forfeits on
time} 1-0

[Event "Team 45 45 League T46"]
[Site "Internet Chess Club"]
[Date "2010.09.06"]
[Round "5"]
[White "BlackHorse"]
[Black "chsrules88"]
[Result "0-1"]
[WhiteElo "2067"]
[BlackElo "2025"]
[Opening "Giuoco Piano"]
[ECO "C50"]
[Time "19:00:18"]
[TimeControl "2700+45"]

1. e4 e5 2. Nf3 Nc6 3. Bc4 Bc5 4. O-O d6 5. h3 Be6 6. Bb5 Ne7 7. c3 a6 8. Ba4 b5
9. Bc2 Bb6 10. Ng5 Qd7 11. Nxe6 Qxe6 12. d3 O-O 13. Be3 Bxe3 14. fxe3 d5 15. Nd2
Rad8 16. Qf3 d4 17. Bb3 Qg6 18. exd4 exd4 19. Rf2 Ne5 20. Qe2 dxc3 21. bxc3 Nxd3
22. Rf3 Ne5 23. Rf2 c5 24. c4 b4 25. Rd1 N7c6 26. Nf3 Nxf3+ 27. Qxf3 Rxd1+ 28.
Bxd1 Nd4 29. Qd3 Re8 30. Bf3 Nxf3+ 31. Qxf3 Rxe4 32. Rd2 h6 33. Rd8+ Kh7 34. Rd7
Rxc4 35. Rxf7 Rc1+ 36. Kh2 Qd6+ 37. Qg3 Rh1+ {White resigns} 0-1

[Event "Team 45 45 League T46"]
[Site "Internet Chess Club"]
[Date "2010.09.04"]
[Round "5"]
[White "charles-allen"]
[Black "Speedy-Reedy"]
[Result "1-0"]
[WhiteElo "1861"]
[BlackElo "1890"]
[Opening "Pirc defense"]
[ECO "B07"]
[Time "07:50:24"]
[TimeControl "2700+45"]

1. e4 d6 2. d4 Nf6 3. Nd2 g6 4. Ngf3 Bg7 5. c3 Nbd7 6. Bc4 e5 7. O-O O-O 8. Re1
c6 9. a4 d5 10. exd5 cxd5 11. dxe5 dxc4 12. exf6 Qxf6 13. Nxc4 Nc5 14. Bg5 Qa6
15. Nce5 f6 16. Be3 fxe5 17. Bxc5 Re8 18. Ng5 Qc4 19. Re4 Qxc5 20. Qb3+ {Black
resigns} 1-0

[Event "Team 45 45 League T46"]
[Site "Internet Chess Club"]
[Date "2010.09.12"]
[Round "5"]
[White "baumhauer"]
[Black "Constrictor"]
[Result "1-0"]
[WhiteElo "1914"]
[BlackElo "1718"]
[Opening "English: Anglo-Dutch defense"]
[ECO "A10"]
[Time "15:05:23"]
[TimeControl "2700+45"]

1. c4 f5 2. Nf3 Nf6 3. g3 b6 4. Bg2 Bb7 5. O-O e6 6. Nc3 Bb4 7. a3 Bxc3 8. bxc3
O-O 9. d3 d6 10. a4 Nbd7 11. a5 e5 12. Re1 Nc5 13. Be3 h6 14. Ra3 g5 15. d4 f4
16. Bc1 fxg3 17. hxg3 Ncd7 18. Qb3 Ng4 19. c5+ Kh8 20. Qe6 Ngf6 21. cxd6 exd4
22. dxc7 Qxc7 23. axb6 axb6 24. Rxa8 Bxa8 25. cxd4 Bd5 26. Qh3 Kg7 27. Nd2 Bxg2
28. Qxg2 Ng4 29. Ne4 Ndf6 30. Nxf6 Nxf6 31. Ba3 Rf7 32. Rc1 Qa7 33. Rc3 Qa5 34.
Qc6 Ne4 35. Bb2 Nxc3 36. Bxc3 Qf5 37. d5+ Kh7 38. f3 Qd7 39. Qa8 h5 40. d6 Qxd6
41. Qh8+ Kg6 42. Qg8+ Kh6 43. Qxf7 Qc5+ 44. Kg2 Qxc3 45. Qe6+ Kg7 46. Qxb6 Qe5
47. Qf2 Kg6 48. f4 gxf4 49. gxf4 Qd5+ 50. Qf3 Qd2 51. Qd3+ Qxd3 52. exd3 Kf5 53.
Kf3 h4 54. d4 h3 55. d5 h2 56. Kg2 Kxf4 57. d6 Ke5 58. d7 {Black resigns} 1-0

[Event "Team 45 45 League T46"]
[Site "Internet Chess Club"]
[Date "2010.09.11"]
[Round "5"]
[White "chiiwen"]
[Black "Paulkov"]
[Result "1/2-1/2"]
[WhiteElo "2132"]
[BlackElo "2267"]
[Opening "KP: Nimzovich defense"]
[ECO "B00"]
[Time "14:32:59"]
[TimeControl "2700+45"]

1. e4 Nc6 2. Nf3 d6 3. d4 Nf6 4. d5 Nb8 5. Nbd2 c6 6. c4 g6 7. b3 Bg7 8. Bb2 O-O
9. Be2 Bg4 10. O-O Nbd7 11. Nd4 Bxe2 12. Qxe2 Qb6 13. N2f3 Rfe8 14. Rfe1 Rac8
15. Rad1 a5 16. dxc6 bxc6 17. Nc2 c5 18. Na3 Ra8 19. e5 dxe5 20. Nxe5 Nxe5 21.
Bxe5 a4 22. Nb5 axb3 23. axb3 Rac8 24. Qf3 Qc6 25. Qe2 Qb6 26. Qf3 Qc6 27. Qe2
{Game drawn by mutual agreement} 1/2-1/2

[Event "Team 45 45 League T46"]
[Site "Internet Chess Club"]
[Date "2010.09.06"]
[Round "5"]
[White "jorobo"]
[Black "Fulvio"]
[Result "1/2-1/2"]
[WhiteElo "2104"]
[BlackElo "2036"]
[Opening "QGD: semi-Slav, Marshall gambit"]
[ECO "D10"]
[Time "15:00:30"]
[TimeControl "2700+45"]

1. c4 c6 2. d4 d5 3. Nc3 e6 4. e4 dxe4 5. Nxe4 e5 6. dxe5 Qa5+ 7. Bd2 Qxe5 8.
Qe2 Bf5 9. Ng3 Qxe2+ 10. Bxe2 Bg6 11. h4 h6 12. Nh3 Na6 13. Nf4 Bh7 14. Nd3 Rd8
15. Ne5 {Game drawn by mutual agreement} 1/2-1/2

[Event "Team 45 45 League T46"]
[Site "Internet Chess Club"]
[Date "2010.09.02"]
[Round "5"]
[White "martineden"]
[Black "az2112"]
[Result "1/2-1/2"]
[WhiteElo "1842"]
[BlackElo "1751"]
[Opening "Grünfeld: modern exchange variation"]
[ECO "D90"]
[Time "12:40:28"]
[TimeControl "2700+45"]

1. c4 Nf6 2. d4 g6 3. Nf3 Bg7 4. Nc3 d5 5. cxd5 Nxd5 6. e4 Nxc3 7. bxc3 c5 8.
Be3 Qa5 9. Qd2 Nc6 10. Rc1 cxd4 11. cxd4 Qxd2+ 12. Kxd2 O-O 13. Bb5 f5 14. exf5
Bxf5 15. Bxc6 bxc6 16. Rxc6 Rab8 17. Kc3 Be4 18. Rc7 Rf6 19. Rc1 Ra6 20. Kd2
Rxa2+ 21. Ke1 Bxf3 22. gxf3 Bf6 23. Kf1 a5 24. Ra7 a4 25. Rc4 a3 26. Rc3 Rb1+
27. Kg2 Rba1 28. Rb3 Rd1 {Game drawn by mutual agreement} 1/2-1/2